 Dungeon Crawl Stone Soup version 0.17.1-2-g5865329 (webtiles) character file.

241 ololoev the Chopper (level 5, -1/40 (41) HPs)
             Began as a Demonspawn Fighter on Jan 25, 2016.
             Succumbed to a worker ant's poison
             ... on level 4 of the Dungeon.
             The game lasted 00:03:38 (635 turns).

ololoev the Chopper (Demonspawn Fighter)             Turns: 635, Time: 00:03:38

HP:   -1/40 (41)    AC: 11    Str: 18      XL:     5   Next: 80%
MP:   5/5           EV: 12    Int:  9      God:
Gold: 57            SH:  9    Dex: 15 (16) Spells: 0 memorised, 4 levels left

rFire  . . .     SeeInvis .     a - +0 war axe
rCold  . . .     Clarity  .     b - +0 scale mail
rNeg   . . .     SustAt   .     c - +0 shield
rPois  .         Gourm    .     (no helmet)
rElec  .         Spirit   .     (no cloak)
rCorr  .         Warding  .     (no gloves)
rMut   .         Stasis   .     (no boots)
MR     .....                    (no amulet)
Stlth  +.........               (no ring)
                                (no ring)

@: agile, lethally poisoned (-1 -> -17), not resistant to hostile enchantments,
very unstealthy
A: hooves 2, rough black scales 1
a: no special abilities


Innate Abilities, Weirdness & Mutations

You have hoof-like feet.
You are partially covered in rough black scales (AC +4, Dex -1).

Inventory:

Hand Weapons
 a - a +0 war axe (weapon)
Missiles
 k - 8 exploding tomahawks (quivered)
Armour
 b - a +0 scale mail (worn)
 c - a +0 shield (worn)
Scrolls
 h - 2 scrolls of identify {unknown}
 i - a scroll of random uselessness {unknown}
Potions
 f - a potion of invisibility {unknown}
Comestibles
 d - a meat ration
 e - a bread ration
 g - 3 fruits


   Skills:
 - Level 3.0 Fighting
 * Level 4.6 Axes
 + Level 4.1 Armour
 - Level 2.6 Shields


You had 4 spell levels left.
You didn't know any spells.


You were on level 4 of the Dungeon.
You were not hungry.

You visited 1 branch of the dungeon, and saw 6 of its levels.

You collected 57 gold pieces.

##.# #...# #...# ##.#
........##...# #...#
##.# ........##...#
##### ##.#
........###### #.#
........# ############
#.# ..?.....#
#........... #.#
........# #...........
##.###
........#####...........
..>..+
(......@'...............
##.###
?.....a.#####.........†.
..# ........#
#........... .###
........# #........... .
......... #...........
..$...... #...........
......... #...........
.......... #...........
#...........

Notes
Turn   | Place    | Note
--------------------------------------------------------------
     0 | D:1      | ololoev the Demonspawn Fighter began the quest for the Orb.
     0 | D:1      | Reached XP level 1. HP: 18/18 MP: 1/1
   238 | D:5      | Entered Level 5 of the Dungeon
   300 | D:4      | Gained mutation: You are partially covered in rough black scales (AC +4, Dex -1). [demonic ancestry]
   300 | D:4      | Reached XP level 2. HP: 17/24 MP: 2/2
   506 | D:5      | Noticed a necrophage
   506 | D:5      | Noticed a centaur zombie
   518 | D:5      | Killed a necrophage
   518 | D:5      | Gained mutation: You have large cloven feet. [demonic ancestry]
   518 | D:5      | Reached XP level 3. HP: 15/28 MP: 3/3
   518 | D:5      | Reached XP level 4. HP: 18/34 MP: 4/4
   523 | D:5      | Killed a centaur zombie
   523 | D:5      | Reached skill level 4 in Axes
   523 | D:5      | Gained mutation: You have hoof-like feet. [demonic ancestry]
   523 | D:5      | Reached XP level 5. HP: 21/40 MP: 5/5
   525 | D:5      | Noticed a centaur zombie
   535 | D:5      | Killed a centaur zombie
   588 | D:4      | Noticed a centaur skeleton
   596 | D:4      | Killed a centaur skeleton
   615 | D:4      | Noticed a crimson imp
   617 | D:4      | Noticed a worker ant
   620 | D:4      | Killed a crimson imp
   634 | D:4      | HP: 1/40 [worker ant (5)]
   635 | D:4      | Succumbed to a worker ant's poison

Dungeon Overview and Level Annotations

Branches:
Dungeon (6/15)
 Temple: D:4-7

Altars:


Message History

You feel sick.
The worker ant bites you but does no damage.
You barely miss the worker ant.
You kick the worker ant, but do no damage.
The worker ant is moderately wounded.
You block the worker ant's attack. x2
You hit the worker ant. Your kick misses the worker ant.
The worker ant is moderately wounded.
You feel sick. The worker ant closely misses you.
You closely miss the worker ant.
You kick the worker ant, but do no damage.
The worker ant is moderately wounded.
You block the worker ant's attack. x2
You hit the worker ant.
The worker ant is heavily wounded.
You feel sick. The worker ant bites you.
You are lethally poisoned!
The worker ant poisons you! The worker ant barely misses you.
You hit the worker ant but do no damage.
You kick the worker ant.
The worker ant is heavily wounded.
You feel sick. You block the worker ant's attack.
You hit the worker ant but do no damage.
Your kick misses the worker ant.
The worker ant is heavily wounded.
You feel sick. You block the worker ant's attack.
The worker ant barely misses you.
Your shield and scale mail prevent you from hitting the worker ant.
The worker ant is heavily wounded.
You feel sick. The worker ant closely misses you.
You slash the worker ant!
The worker ant is almost dead.
You feel sick. The worker ant bites you.
You are more poisoned.
The worker ant poisons you!
The worker ant bites you but does no damage.
Drink which item? (? for menu, Esc to quit)
It was a potion of agility.
You feel agile all of a sudden.
You die...

You could see a worker ant.

Vanquished Creatures
  A necrophage (D:5)
  A crimson imp (D:4)
  2 centaur zombies (D:5)
  A centaur skeleton (D:4)
  An adder (D:4)
  3 giant cockroaches (D:4)
  A hobgoblin (D:2)
  A kobold (D:2)
  A quokka (D:4)
  A giant newt (D:2)
  A goblin (D:3)
  18 rats (D:4)
32 creatures vanquished.

Action                   |  1- 3 |  4- 6 || total
-------------------------+-------+-------++-------
Melee: War axe           |    47 |    39 ||    86
  Use: Potion            |     2 |     1 ||     3

Vault maps used:
D:1:      ldierk_walled_garden, minivault_4, hangedman_decor_lopped
D:2:      lemuel_round_altar
D:3:      overflow_temple_1_default, okawaru_altar_gauntlet_db, first_bread,
          led_sif_book
D:4:      serial_shops, shop, minmay_rat_hole
D:5:      temple_doors_d
D:6:      nicolae_overflow_hidden_temple, lemuel_crystal_altar,
          nicolae_overflow_crystal_walls, basic_altar, fedhas_altar_3,
          uniq_crazy_yiuf_cottage
